Connexion

NEW JERSEY Devils vs LOS ANGELES Kings

Created - 14 février 2024 at 05:46

Goals
1 2 3 T
NEW JERSEY Devils 3 4 0 7
LOS ANGELES Kings 1 2 3 6
Shots
1 2 3 T
NEW JERSEY Devils 9 13 9 31
LOS ANGELES Kings 11 14 11 36

GoalsPenalties
1st period
1. NEW JERSEY Devils , Nail Yakupov 10 (Austin Wagner 3, Christian Dvorak 4) at 3:50
2. NEW JERSEY Devils , Shayne Gostisbehere 17 (Cody Glass 9, Sean Kuraly 7) at 8:02
3. NEW JERSEY Devils , Max Domi 25 (Jack Johnson 18, Charlie Coyle 20) at 10:06
4. LOS ANGELES Kings , Nick Foligno 11 (Brock McGinn 23, Nicolas Roy 22) at 12:49
Derek Forbort (L.A) for Close Hand On Puck (Minor) at 1:16
Jaccob Slavin (N.J) for Tripping (Minor) at 15:38
2nd period
5. LOS ANGELES Kings , Brock McGinn 20 (Arber Xhekaj 16, Nicolas Roy 23) at 0:57
6. NEW JERSEY Devils , Max Domi 26 (Charlie Coyle 21, Jaccob Slavin 42) at 3:01
7. NEW JERSEY Devils , Trevor Zegras 15 (Roope Hintz 30, Jordan Harris 26) at 3:11
8. LOS ANGELES Kings , Mika Zibanejad 11 (Derek Forbort 20, Olli Maatta 19) at 5:28
9. NEW JERSEY Devils , Jaccob Slavin 15 (Max Domi 24, Troy Terry 20) at 12:30 (PP)
10. NEW JERSEY Devils , Troy Terry 18 (Roope Hintz 31) at 17:54
Matt Irwin (L.A) for Tripping (Minor) at 10:33
3rd period
11. LOS ANGELES Kings , Jason Zucker 31 (Brayden Schenn 28, Derek Forbort 21) at 3:21
12. LOS ANGELES Kings , Nick Foligno 12 (Brock McGinn 24, Matt Irwin 3) at 4:33
13. LOS ANGELES Kings , Brayden Schenn 21 (Calen Addison 38, Jason Zucker 37) at 4:39
Jaccob Slavin (N.J) for Holding (Minor) at 14:03
Mika Zibanejad (L.A) for High sticking (Minor) at 18:15
Goalie Stats
Eetu Makiniemi (N.J), 30 saves from 36 shots - (0,833), W, 2-0-0, 60:00 minutes
Samuel Montembeault (L.A), 6 saves from 10 shots - (0,600), 23:01 minutes
Jonathan Bernier (L.A), 18 saves from 21 shots - (0,857), L, 1-1-0, 36:59 minutes
3 StarsOfficial
1 - Max Domi (N.J)
2 - Nick Foligno (L.A)
3 - Brock McGinn (L.A)
Referees : Don VanMassenhoven and Chris Lee
Linesman : Vaughan Rody and Mark Wheler
Game Note
Jonathan Bernier enters game at 3:01 of 2nd period
Finance
Level 1 -- Attendance: 5444 (90,73%) -- Ticket Income $734,940
Level 2 -- Attendance: 4502 (87,96%) -- Ticket Income $405,180
Level 3 -- Attendance: 1360 (68,00%) -- Ticket Income $81,600
Level 4 -- Attendance: 2870 (71,75%) -- Ticket Income $114,800
Luxury Box -- Attendance: 891 (89,10%) -- Ticket Income $204,930
Game was played at the Staples Center.
Total Attendance: 15067 (83,16%)
Total Ticket Income: $1,541,450
Other Income: $308,290
Total Income: $1,849,740



Team Name Goals Shots Shots Attemp Shots Blocked PIM HIT PP PK FO%
NEW JERSEY Devils 73165174151 / 3 (33%)051%
LOS ANGELES Kings 63675126240 / 2 (0%)149%

NEW JERSEY Devils
Player Name POS G A P +/- PIM HIT SHT SB MP PP MP PP SHT PK MP PK SHT FO% FOT
Anton LundellC0000002122:302:5900:00050% 28
Austin WagnerC/LW/RW011100106:030:1300:5700% 0
Brett KulakD0000000014:290:1002:0400% 0
Charlie CoyleC/RW0220021121:392:0800:0000% 2
Christian DvorakC/LW011100107:130:0002:20031% 16
Cody GlassC0110003011:030:0000:09067% 15
Erik JohnsonD0000010013:350:0001:2000% 0
Jaccob SlavinD112-1412224:103:2220:0000% 0
Jack JohnsonD0111010218:180:0000:0000% 0
Jordan HarrisD0111002421:572:1822:2200% 0
Kirby DachC/RW0000001013:402:4600:000100% 1
Max DomiC/LW2130024023:242:5900:5400% 1
Nail YakupovRW101100104:530:0000:0000% 0
Roope HintzC/LW022-1024017:452:4100:0000% 0
Sean KuralyC/LW0110002010:540:0000:0000% 0
Shayne GostisbehereD101-1043725:213:2222:1000% 0
Trevor ZegrasC101-1023018:262:4100:41059% 32
Troy TerryC/RW112-1001020:402:4102:5500% 1
LOS ANGELES Kings
Player Name POS G A P +/- PIM HIT SHT SB MP PP MP PP SHT PK MP PK SHT FO% FOT
Arber XhekajD0111020012:200:0000:0000% 0
Axel Jonsson FjallbyLW000-100103:480:0000:0000% 1
Brayden SchennC/LW/RW112-1053025:222:0201:51067% 33
Brock McGinnLW/RW1231015012:380:0000:0000% 3
Calen AddisonD0110022126:041:3612:0900% 0
Chandler StephensonC/LW0000011021:271:5603:16038% 26
Derek ForbortD022-1231420:172:2202:1300% 0
Jakob SilfverbergLW/RW0000015018:111:5600:00067% 3
Jason ZuckerLW/RW1120012022:012:0202:18050% 2
Mats ZuccarelloLW/RW0000016120:552:0201:12050% 4
Matt Irwin D0111200013:370:0001:1800% 0
Mika ZibanejadC/LW/RW1010231018:101:5600:0000% 1
Nick BoninoC/LW000-100003:570:0000:09060% 5
Nick FolignoC/LW/RW2021034012:380:0000:00050% 2
Nicolas RoyC0221002015:120:0002:34038% 16
Olli MaattaD011-1001521:502:2213:4500% 0
Ryan PoehlingC000000000:000:0000:0000% 0
Thomas ChabotD0000012125:501:3611:5500% 0



Play-by-Play

1st period


0:01 of 1st period - Anton Lundell wins face-off versus Jason Zucker in neutral zone.
1:04 of 1st period - Jordan Harris is hit by Mats Zuccarello and loses puck.
1:16 of 1st period - Minor Penalty to Derek Forbort for Close Hand On Puck.
1:17 of 1st period - Trevor Zegras wins face-off versus Nicolas Roy in LOS ANGELES Kings zone.
1:49 of 1st period - Jordan Harris is hit by Chandler Stephenson and loses puck.
2:10 of 1st period - Shot by Shayne Gostisbehere.
2:10 of 1st period - Stopped by Samuel Montembeault without a rebound.
2:11 of 1st period - Chandler Stephenson wins face-off versus Anton Lundell in LOS ANGELES Kings zone.
2:32 of 1st period - Shot by Jaccob Slavin.
2:32 of 1st period - Shot Blocked by Olli Maatta.
3:04 of 1st period - Shot by Jordan Harris.
3:04 of 1st period - Stopped by Samuel Montembeault without a rebound.
3:05 of 1st period - Brayden Schenn wins face-off versus Trevor Zegras in LOS ANGELES Kings zone.
3:05 of 1st period - Brayden Schenn is hit by Trevor Zegras.
3:16 of 1st period - Off-side.
3:17 of 1st period - Nick Foligno wins face-off versus Christian Dvorak in neutral zone.
3:48 of 1st period - Shot by Christian Dvorak.
3:48 of 1st period - Deflect By Austin Wagner.
3:48 of 1st period - Stopped by Samuel Montembeault with a rebound.
3:50 of 1st period - Shot by Nail Yakupov.
3:50 of 1st period - Goal by Nail Yakupov - NEW JERSEY Devils : 1 - LOS ANGELES Kings : 0.
3:51 of 1st period - Nick Bonino wins face-off versus Trevor Zegras in neutral zone.
4:04 of 1st period - Shot by Trevor Zegras.
4:04 of 1st period - Stopped by Samuel Montembeault without a rebound.
4:05 of 1st period - Cody Glass wins face-off versus Chandler Stephenson in LOS ANGELES Kings zone.
5:11 of 1st period - Thomas Chabot is hit by Charlie Coyle and loses puck.
5:15 of 1st period - Icing by Jakob Silfverberg.
5:16 of 1st period - Trevor Zegras wins face-off versus Jakob Silfverberg in LOS ANGELES Kings zone.
5:48 of 1st period - Icing by Brett Kulak.
5:49 of 1st period - Trevor Zegras wins face-off versus Brayden Schenn in NEW JERSEY Devils zone.
6:23 of 1st period - Brayden Schenn is hit by Erik Johnson and loses puck.
6:37 of 1st period - Icing by Olli Maatta.
6:38 of 1st period - Brayden Schenn wins face-off versus Anton Lundell in LOS ANGELES Kings zone.
6:43 of 1st period - Shot by Mats Zuccarello.
6:43 of 1st period - Stopped by Eetu Makiniemi without a rebound.
6:44 of 1st period - Anton Lundell wins face-off versus Nicolas Roy in NEW JERSEY Devils zone.
7:58 of 1st period - Shot by Shayne Gostisbehere.
7:58 of 1st period - Shot Blocked by Derek Forbort.
8:00 of 1st period - Shot by Cody Glass.
8:00 of 1st period - Shot Misses the Net.
8:02 of 1st period - Shot by Shayne Gostisbehere.
8:02 of 1st period - Goal by Shayne Gostisbehere - NEW JERSEY Devils : 2 - LOS ANGELES Kings : 0.
8:03 of 1st period - Trevor Zegras wins face-off versus Chandler Stephenson in neutral zone.
8:13 of 1st period - Icing by Erik Johnson.
8:14 of 1st period - Trevor Zegras wins face-off versus Chandler Stephenson in NEW JERSEY Devils zone.
9:38 of 1st period - Shot by Cody Glass.
9:38 of 1st period - Shot Blocked by Derek Forbort.
10:00 of 1st period - Shot by Max Domi.
10:00 of 1st period - Stopped by Samuel Montembeault with a rebound.
10:02 of 1st period - Shot by Charlie Coyle.
10:02 of 1st period - Shot Blocked by Olli Maatta.
10:04 of 1st period - Shot by Jack Johnson.
10:04 of 1st period - Shot Blocked by Derek Forbort.
10:06 of 1st period - Shot by Max Domi.
10:06 of 1st period - Goal by Max Domi - NEW JERSEY Devils : 3 - LOS ANGELES Kings : 0.
10:07 of 1st period - Nicolas Roy wins face-off versus Christian Dvorak in neutral zone.
10:20 of 1st period - Shot by Brock McGinn.
10:20 of 1st period - Stopped by Eetu Makiniemi with a rebound.
10:22 of 1st period - Shot by Brock McGinn.
10:22 of 1st period - Shot Misses the Net.
10:40 of 1st period - Shot by Nick Foligno.
10:40 of 1st period - Shot Misses the Net.
10:59 of 1st period - Icing by Jack Johnson.
11:00 of 1st period - Chandler Stephenson wins face-off versus Christian Dvorak in NEW JERSEY Devils zone.
11:34 of 1st period - Shot by Chandler Stephenson.
11:34 of 1st period - Shot Misses the Net.
11:43 of 1st period - Anton Lundell is hit by Calen Addison and loses puck.
11:51 of 1st period - Anton Lundell is hit by Calen Addison and loses puck.
11:57 of 1st period - Anton Lundell is hit by Thomas Chabot and loses puck.
12:38 of 1st period - Roope Hintz is hit by Brayden Schenn.
12:39 of 1st period - Icing by Roope Hintz.
12:40 of 1st period - Nicolas Roy wins face-off versus Trevor Zegras in NEW JERSEY Devils zone.
12:49 of 1st period - Shot by Nick Foligno.
12:49 of 1st period - Goal by Nick Foligno - NEW JERSEY Devils : 3 - LOS ANGELES Kings : 1.
12:50 of 1st period - Brayden Schenn wins face-off versus Cody Glass in neutral zone.
12:53 of 1st period - Shot by Brayden Schenn.
12:53 of 1st period - Shot Misses the Net.
13:01 of 1st period - Shot by Sean Kuraly.
13:01 of 1st period - Shot Misses the Net.
13:03 of 1st period - Shot by Sean Kuraly.
13:03 of 1st period - Stopped by Samuel Montembeault without a rebound.
13:04 of 1st period - Anton Lundell wins face-off versus Nicolas Roy in LOS ANGELES Kings zone.
13:13 of 1st period - Shot by Nicolas Roy.
13:13 of 1st period - Deflect By Nick Foligno.
13:13 of 1st period - Shot Misses the Net.
13:28 of 1st period - Icing by Jordan Harris.
13:29 of 1st period - Brayden Schenn wins face-off versus Anton Lundell in NEW JERSEY Devils zone.
14:23 of 1st period - Shot by Brock McGinn.
14:23 of 1st period - Stopped by Eetu Makiniemi without a rebound.
14:24 of 1st period - Cody Glass wins face-off versus Brock McGinn in NEW JERSEY Devils zone.
14:24 of 1st period - Cody Glass is hit by Nick Foligno.
15:00 of 1st period - Shot by Brock McGinn.
15:00 of 1st period - Stopped by Eetu Makiniemi with a rebound.
15:02 of 1st period - Shot by Nick Foligno.
15:02 of 1st period - Stopped by Eetu Makiniemi with a rebound.
15:08 of 1st period - Shot by Calen Addison.
15:08 of 1st period - Stopped by Eetu Makiniemi with a rebound.
15:36 of 1st period - Shot by Jakob Silfverberg.
15:36 of 1st period - Stopped by Eetu Makiniemi without a rebound.
15:37 of 1st period - Brayden Schenn wins face-off versus Anton Lundell in NEW JERSEY Devils zone.
15:37 of 1st period - Brayden Schenn is hit by Shayne Gostisbehere.
15:38 of 1st period - Minor Penalty to Jaccob Slavin for Tripping.
15:39 of 1st period - Jason Zucker wins face-off versus Christian Dvorak in NEW JERSEY Devils zone.
16:02 of 1st period - Shayne Gostisbehere is hit by Brayden Schenn and loses puck.
16:34 of 1st period - Icing by Calen Addison.
16:35 of 1st period - Chandler Stephenson wins face-off versus Christian Dvorak in LOS ANGELES Kings zone.
16:39 of 1st period - Icing by Thomas Chabot.
16:40 of 1st period - Chandler Stephenson wins face-off versus Christian Dvorak in LOS ANGELES Kings zone.
17:01 of 1st period - Shot by Chandler Stephenson.
17:01 of 1st period - Shot Misses the Net.
17:03 of 1st period - Shot by Thomas Chabot.
17:03 of 1st period - Shot Blocked by Jordan Harris.
17:05 of 1st period - Shot by Calen Addison.
17:05 of 1st period - Stopped by Eetu Makiniemi without a rebound.
17:06 of 1st period - Christian Dvorak wins face-off versus Brayden Schenn in NEW JERSEY Devils zone.
17:26 of 1st period - Off-side.
17:27 of 1st period - Chandler Stephenson wins face-off versus Christian Dvorak in neutral zone.
17:32 of 1st period - Shot by Thomas Chabot.
17:32 of 1st period - Stopped by Eetu Makiniemi without a rebound.
17:33 of 1st period - Christian Dvorak wins face-off versus Brayden Schenn in NEW JERSEY Devils zone.
17:42 of 1st period - Shot by Jakob Silfverberg.
17:42 of 1st period - Stopped by Eetu Makiniemi with a rebound.
18:11 of 1st period - Anton Lundell is hit by Derek Forbort and loses puck.
18:31 of 1st period - Icing by Anton Lundell.
18:32 of 1st period - Brayden Schenn wins face-off versus Anton Lundell in NEW JERSEY Devils zone.
18:53 of 1st period - Shot by Jason Zucker.
18:53 of 1st period - Shot Blocked by Jack Johnson.
18:55 of 1st period - Shot by Calen Addison.
18:55 of 1st period - Shot Blocked by Charlie Coyle.
18:57 of 1st period - Shot by Thomas Chabot.
18:57 of 1st period - Deflect By Mats Zuccarello.
18:57 of 1st period - Shot Misses the Net.
18:59 of 1st period - Shot by Jason Zucker.
18:59 of 1st period - Shot Misses the Net.
19:05 of 1st period - Shot by Jason Zucker.
19:05 of 1st period - Shot Misses the Net.
19:10 of 1st period - Icing by Jordan Harris.
19:11 of 1st period - Anton Lundell wins face-off versus Nicolas Roy in NEW JERSEY Devils zone.
19:13 of 1st period - Icing by Max Domi.
19:14 of 1st period - Anton Lundell wins face-off versus Chandler Stephenson in NEW JERSEY Devils zone.
Goals for this period are 3 for NEW JERSEY Devils vs 1 for LOS ANGELES Kings .
Shots for this period are 9 for NEW JERSEY Devils vs 11 for LOS ANGELES Kings .

2nd period


0:01 of 2nd period - Anton Lundell wins face-off versus Brayden Schenn in neutral zone.
0:22 of 2nd period - Shot by Mats Zuccarello.
0:22 of 2nd period - Stopped by Eetu Makiniemi without a rebound.
0:23 of 2nd period - Trevor Zegras wins face-off versus Nick Foligno in NEW JERSEY Devils zone.
0:57 of 2nd period - Shot by Brock McGinn.
0:57 of 2nd period - Goal by Brock McGinn - NEW JERSEY Devils : 3 - LOS ANGELES Kings : 2.
0:58 of 2nd period - Brayden Schenn wins face-off versus Anton Lundell in neutral zone.
1:06 of 2nd period - Brayden Schenn is hit by Jaccob Slavin and loses puck.
1:15 of 2nd period - Shot by Mats Zuccarello.
1:15 of 2nd period - Stopped by Eetu Makiniemi with a rebound.
1:19 of 2nd period - Shot by Mats Zuccarello.
1:19 of 2nd period - Stopped by Eetu Makiniemi without a rebound.
1:20 of 2nd period - Cody Glass wins face-off versus Chandler Stephenson in NEW JERSEY Devils zone.
1:22 of 2nd period - Icing by Brett Kulak.
1:23 of 2nd period - Nick Bonino wins face-off versus Cody Glass in NEW JERSEY Devils zone.
2:06 of 2nd period - Shot by Cody Glass.
2:06 of 2nd period - Deflect By Kirby Dach.
2:06 of 2nd period - Shot Misses the Net.
2:21 of 2nd period - Icing by Brett Kulak.
2:22 of 2nd period - Cody Glass wins face-off versus Mika Zibanejad in NEW JERSEY Devils zone.
3:01 of 2nd period - Shot by Max Domi.
3:01 of 2nd period - Goal by Max Domi - NEW JERSEY Devils : 4 - LOS ANGELES Kings : 2.
3:01 of 2nd period - Jonathan Bernier enters game.
3:02 of 2nd period - Trevor Zegras wins face-off versus Nicolas Roy in neutral zone.
3:09 of 2nd period - Shot by Trevor Zegras.
3:09 of 2nd period - Deflect By Roope Hintz.
3:09 of 2nd period - Shot Misses the Net.
3:11 of 2nd period - Shot by Trevor Zegras.
3:11 of 2nd period - Goal by Trevor Zegras - NEW JERSEY Devils : 5 - LOS ANGELES Kings : 2.
3:12 of 2nd period - Trevor Zegras wins face-off versus Brayden Schenn in neutral zone.
3:17 of 2nd period - Shot by Troy Terry.
3:17 of 2nd period - Shot Blocked by Thomas Chabot.
3:34 of 2nd period - Icing by Jack Johnson.
3:35 of 2nd period - Nicolas Roy wins face-off versus Trevor Zegras in NEW JERSEY Devils zone.
3:49 of 2nd period - Icing by Jack Johnson.
3:50 of 2nd period - Brayden Schenn wins face-off versus Trevor Zegras in NEW JERSEY Devils zone.
4:12 of 2nd period - Thomas Chabot is hit by Roope Hintz and loses puck.
5:09 of 2nd period - Off-side.
5:10 of 2nd period - Anton Lundell wins face-off versus Chandler Stephenson in neutral zone.
5:17 of 2nd period - Olli Maatta is hit by Max Domi and loses puck.
5:26 of 2nd period - Shot by Derek Forbort.
5:26 of 2nd period - Shot Misses the Net.
5:28 of 2nd period - Shot by Mika Zibanejad.
5:28 of 2nd period - Goal by Mika Zibanejad - NEW JERSEY Devils : 5 - LOS ANGELES Kings : 3.
5:29 of 2nd period - Nicolas Roy wins face-off versus Christian Dvorak in neutral zone.
5:46 of 2nd period - Shot by Nicolas Roy.
5:46 of 2nd period - Stopped by Eetu Makiniemi without a rebound.
5:47 of 2nd period - Anton Lundell wins face-off versus Chandler Stephenson in NEW JERSEY Devils zone.
6:02 of 2nd period - Shot by Charlie Coyle.
6:02 of 2nd period - Shot Misses the Net.
6:22 of 2nd period - Shot by Anton Lundell.
6:22 of 2nd period - Stopped by Jonathan Bernier without a rebound.
6:23 of 2nd period - Cody Glass wins face-off versus Brock McGinn in LOS ANGELES Kings zone.
6:49 of 2nd period - Icing by Brett Kulak.
6:50 of 2nd period - Brayden Schenn wins face-off versus Cody Glass in NEW JERSEY Devils zone.
6:53 of 2nd period - Shot by Brayden Schenn.
6:53 of 2nd period - Stopped by Eetu Makiniemi without a rebound.
6:54 of 2nd period - Brayden Schenn wins face-off versus Charlie Coyle in NEW JERSEY Devils zone.
6:57 of 2nd period - Shot by Jason Zucker.
6:57 of 2nd period - Shot Misses the Net.
7:09 of 2nd period - Shot by Shayne Gostisbehere.
7:09 of 2nd period - Shot Misses the Net.
8:02 of 2nd period - Shot by Chandler Stephenson.
8:02 of 2nd period - Shot Misses the Net.
8:06 of 2nd period - Shot by Jakob Silfverberg.
8:06 of 2nd period - Shot Blocked by Shayne Gostisbehere.
9:47 of 2nd period - Jack Johnson is hit by Nick Foligno.
9:52 of 2nd period - Icing by Jordan Harris.
9:53 of 2nd period - Trevor Zegras wins face-off versus Brayden Schenn in NEW JERSEY Devils zone.
9:55 of 2nd period - Icing by Jordan Harris.
9:56 of 2nd period - Trevor Zegras wins face-off versus Brayden Schenn in NEW JERSEY Devils zone.
10:18 of 2nd period - Shot by Mats Zuccarello.
10:18 of 2nd period - Stopped by Eetu Makiniemi without a rebound.
10:19 of 2nd period - Kirby Dach wins face-off versus Nick Bonino in NEW JERSEY Devils zone.
10:33 of 2nd period - Minor Penalty to Matt Irwin for Tripping.
10:34 of 2nd period - Brayden Schenn wins face-off versus Anton Lundell in LOS ANGELES Kings zone.
10:41 of 2nd period - Shot by Jaccob Slavin.
10:41 of 2nd period - Shot Misses the Net.
10:51 of 2nd period - Shot by Shayne Gostisbehere.
10:51 of 2nd period - Stopped by Jonathan Bernier without a rebound.
10:52 of 2nd period - Anton Lundell wins face-off versus Brayden Schenn in LOS ANGELES Kings zone.
10:53 of 2nd period - Shot by Shayne Gostisbehere.
10:53 of 2nd period - Shot Blocked by Derek Forbort.
10:55 of 2nd period - Shot by Jaccob Slavin.
10:55 of 2nd period - Shot Misses the Net.
10:57 of 2nd period - Shot by Jaccob Slavin.
10:57 of 2nd period - Stopped by Jonathan Bernier without a rebound.
10:58 of 2nd period - Trevor Zegras wins face-off versus Brayden Schenn in LOS ANGELES Kings zone.
10:59 of 2nd period - Shot by Shayne Gostisbehere.
10:59 of 2nd period - Shot Misses the Net.
12:04 of 2nd period - Shot by Charlie Coyle.
12:04 of 2nd period - Shot Misses the Net.
12:06 of 2nd period - Shot by Jordan Harris.
12:06 of 2nd period - Stopped by Jonathan Bernier without a rebound.
12:07 of 2nd period - Anton Lundell wins face-off versus Mats Zuccarello in LOS ANGELES Kings zone.
12:24 of 2nd period - Shot by Troy Terry.
12:24 of 2nd period - Shot Misses the Net.
12:26 of 2nd period - Shot by Max Domi.
12:26 of 2nd period - Shot Blocked by Olli Maatta.
12:28 of 2nd period - Shot by Jaccob Slavin.
12:28 of 2nd period - Shot Blocked by Olli Maatta.
12:30 of 2nd period - Shot by Jaccob Slavin.
12:30 of 2nd period - Goal by Jaccob Slavin - NEW JERSEY Devils : 6 - LOS ANGELES Kings : 3.
12:31 of 2nd period - Chandler Stephenson wins face-off versus Cody Glass in neutral zone.
12:41 of 2nd period - Off-side.
12:42 of 2nd period - Christian Dvorak wins face-off versus Nicolas Roy in neutral zone.
13:32 of 2nd period - Icing by Jordan Harris.
13:33 of 2nd period - Christian Dvorak wins face-off versus Axel Jonsson Fjallby in NEW JERSEY Devils zone.
13:33 of 2nd period - Christian Dvorak is hit by Brayden Schenn.
14:08 of 2nd period - Shot by Olli Maatta.
14:08 of 2nd period - Shot Misses the Net.
14:14 of 2nd period - Shot by Axel Jonsson Fjallby.
14:14 of 2nd period - Stopped by Eetu Makiniemi without a rebound.
14:15 of 2nd period - Chandler Stephenson wins face-off versus Cody Glass in NEW JERSEY Devils zone.
14:36 of 2nd period - Kirby Dach is hit by Arber Xhekaj and loses puck.
14:40 of 2nd period - Cody Glass is hit by Arber Xhekaj and loses puck.
14:55 of 2nd period - Shot by Cody Glass.
14:55 of 2nd period - Stopped by Jonathan Bernier with a rebound.
14:57 of 2nd period - Shot by Kirby Dach.
14:57 of 2nd period - Deflect By Cody Glass.
14:57 of 2nd period - Stopped by Jonathan Bernier without a rebound.
14:58 of 2nd period - Anton Lundell wins face-off versus Mats Zuccarello in LOS ANGELES Kings zone.
15:25 of 2nd period - Brayden Schenn is hit by Max Domi and loses puck.
15:36 of 2nd period - Shot by Jason Zucker.
15:36 of 2nd period - Shot Blocked by Anton Lundell.
15:38 of 2nd period - Shot by Thomas Chabot.
15:38 of 2nd period - Stopped by Eetu Makiniemi without a rebound.
15:39 of 2nd period - Trevor Zegras wins face-off versus Nicolas Roy in NEW JERSEY Devils zone.
15:46 of 2nd period - Shot by Nick Foligno.
15:46 of 2nd period - Stopped by Eetu Makiniemi without a rebound.
15:47 of 2nd period - Trevor Zegras wins face-off versus Chandler Stephenson in NEW JERSEY Devils zone.
15:47 of 2nd period - Trevor Zegras is hit by Mika Zibanejad.
16:11 of 2nd period - Icing by Jakob Silfverberg.
16:12 of 2nd period - Chandler Stephenson wins face-off versus Anton Lundell in LOS ANGELES Kings zone.
16:25 of 2nd period - Shot by Jakob Silfverberg.
16:25 of 2nd period - Stopped by Eetu Makiniemi without a rebound.
16:26 of 2nd period - Mats Zuccarello wins face-off versus Trevor Zegras in NEW JERSEY Devils zone.
16:35 of 2nd period - Shot by Roope Hintz.
16:35 of 2nd period - Stopped by Jonathan Bernier without a rebound.
16:36 of 2nd period - Mats Zuccarello wins face-off versus Anton Lundell in LOS ANGELES Kings zone.
16:43 of 2nd period - Icing by Anton Lundell.
16:44 of 2nd period - Brayden Schenn wins face-off versus Anton Lundell in NEW JERSEY Devils zone.
16:45 of 2nd period - Shot by Mats Zuccarello.
16:45 of 2nd period - Shot Blocked by Shayne Gostisbehere.
16:51 of 2nd period - Shot by Shayne Gostisbehere.
16:51 of 2nd period - Shot Misses the Net.
17:05 of 2nd period - Shot by Max Domi.
17:05 of 2nd period - Shot Misses the Net.
17:35 of 2nd period - Icing by Thomas Chabot.
17:36 of 2nd period - Brayden Schenn wins face-off versus Trevor Zegras in LOS ANGELES Kings zone.
17:47 of 2nd period - Mats Zuccarello is hit by Trevor Zegras and loses puck.
17:52 of 2nd period - Shot by Troy Terry.
17:52 of 2nd period - Shot Blocked by Mats Zuccarello.
17:54 of 2nd period - Shot by Troy Terry.
17:54 of 2nd period - Goal by Troy Terry - NEW JERSEY Devils : 7 - LOS ANGELES Kings : 3.
17:55 of 2nd period - Cody Glass wins face-off versus Chandler Stephenson in neutral zone.
18:12 of 2nd period - Shot by Sean Kuraly.
18:12 of 2nd period - Stopped by Jonathan Bernier with a rebound.
18:14 of 2nd period - Shot by Kirby Dach.
18:14 of 2nd period - Stopped by Jonathan Bernier without a rebound.
18:15 of 2nd period - Nicolas Roy wins face-off versus Troy Terry in LOS ANGELES Kings zone.
18:20 of 2nd period - Jaccob Slavin is hit by Brock McGinn and loses puck.
19:04 of 2nd period - Icing by Jaccob Slavin.
19:05 of 2nd period - Brayden Schenn wins face-off versus Trevor Zegras in NEW JERSEY Devils zone.
19:12 of 2nd period - Shot by Calen Addison.
19:12 of 2nd period - Shot Blocked by Shayne Gostisbehere.
19:16 of 2nd period - Shot by Brayden Schenn.
19:16 of 2nd period - Shot Misses the Net.
19:18 of 2nd period - Shot by Mats Zuccarello.
19:18 of 2nd period - Stopped by Eetu Makiniemi without a rebound.
19:19 of 2nd period - Jakob Silfverberg wins face-off versus Anton Lundell in NEW JERSEY Devils zone.
19:19 of 2nd period - Jakob Silfverberg is hit by Jack Johnson.
19:25 of 2nd period - Shot by Jakob Silfverberg.
19:25 of 2nd period - Stopped by Eetu Makiniemi without a rebound.
19:26 of 2nd period - Brayden Schenn wins face-off versus Max Domi in NEW JERSEY Devils zone.
19:27 of 2nd period - Shot by Jason Zucker.
19:27 of 2nd period - Shot Misses the Net.
19:36 of 2nd period - Icing by Jordan Harris.
19:37 of 2nd period - Anton Lundell wins face-off versus Chandler Stephenson in NEW JERSEY Devils zone.
19:41 of 2nd period - Jordan Harris is hit by Derek Forbort and loses puck.
19:45 of 2nd period - Icing by Derek Forbort.
19:46 of 2nd period - Cody Glass wins face-off versus Chandler Stephenson in LOS ANGELES Kings zone.
Goals for this period are 4 for NEW JERSEY Devils vs 2 for LOS ANGELES Kings .
Shots for this period are 13 for NEW JERSEY Devils vs 14 for LOS ANGELES Kings .

3rd period


0:01 of 3rd period - Brayden Schenn wins face-off versus Anton Lundell in neutral zone.
0:09 of 3rd period - Jason Zucker is hit by Shayne Gostisbehere and loses puck.
0:35 of 3rd period - Shot by Calen Addison.
0:35 of 3rd period - Shot Misses the Net.
0:39 of 3rd period - Shot by Jason Zucker.
0:39 of 3rd period - Shot Blocked by Shayne Gostisbehere.
0:41 of 3rd period - Shot by Thomas Chabot.
0:41 of 3rd period - Shot Blocked by Jaccob Slavin.
0:54 of 3rd period - Shayne Gostisbehere is hit by Derek Forbort and loses puck.
1:17 of 3rd period - Shot by Jakob Silfverberg.
1:17 of 3rd period - Stopped by Eetu Makiniemi without a rebound.
1:18 of 3rd period - Cody Glass wins face-off versus Nicolas Roy in NEW JERSEY Devils zone.
1:35 of 3rd period - Shot by Brock McGinn.
1:35 of 3rd period - Shot Blocked by Jordan Harris.
1:37 of 3rd period - Shot by Brock McGinn.
1:37 of 3rd period - Shot Blocked by Jack Johnson.
1:39 of 3rd period - Shot by Nicolas Roy.
1:39 of 3rd period - Shot Blocked by Jordan Harris.
1:53 of 3rd period - Shot by Brock McGinn.
1:53 of 3rd period - Stopped by Eetu Makiniemi without a rebound.
1:54 of 3rd period - Trevor Zegras wins face-off versus Nick Bonino in NEW JERSEY Devils zone.
2:01 of 3rd period - Shot by Brayden Schenn.
2:01 of 3rd period - Shot Misses the Net.
2:14 of 3rd period - Shot by Brayden Schenn.
2:14 of 3rd period - Stopped by Eetu Makiniemi with a rebound.
2:16 of 3rd period - Shot by Derek Forbort.
2:16 of 3rd period - Stopped by Eetu Makiniemi without a rebound.
2:17 of 3rd period - Christian Dvorak wins face-off versus Chandler Stephenson in NEW JERSEY Devils zone.
2:17 of 3rd period - Christian Dvorak is hit by Jakob Silfverberg.
2:43 of 3rd period - Shot by Christian Dvorak.
2:43 of 3rd period - Stopped by Jonathan Bernier without a rebound.
2:44 of 3rd period - Brayden Schenn wins face-off versus Trevor Zegras in LOS ANGELES Kings zone.
3:05 of 3rd period - Shot by Jason Zucker.
3:05 of 3rd period - Shot Blocked by Shayne Gostisbehere.
3:17 of 3rd period - Shot by Jason Zucker.
3:17 of 3rd period - Shot Blocked by Shayne Gostisbehere.
3:21 of 3rd period - Shot by Jason Zucker.
3:21 of 3rd period - Goal by Jason Zucker - NEW JERSEY Devils : 7 - LOS ANGELES Kings : 4.
3:22 of 3rd period - Anton Lundell wins face-off versus Chandler Stephenson in neutral zone.
3:31 of 3rd period - Shot by Anton Lundell.
3:31 of 3rd period - Shot Blocked by Calen Addison.
3:53 of 3rd period - Shot by Max Domi.
3:53 of 3rd period - Deflect By Anton Lundell.
3:53 of 3rd period - Stopped by Jonathan Bernier without a rebound.
3:54 of 3rd period - Cody Glass wins face-off versus Nicolas Roy in LOS ANGELES Kings zone.
4:07 of 3rd period - Shot by Arber Xhekaj.
4:07 of 3rd period - Shot Misses the Net.
4:23 of 3rd period - Shot by Nicolas Roy.
4:23 of 3rd period - Stopped by Eetu Makiniemi with a rebound.
4:33 of 3rd period - Shot by Nick Foligno.
4:33 of 3rd period - Goal by Nick Foligno - NEW JERSEY Devils : 7 - LOS ANGELES Kings : 5.
4:34 of 3rd period - Brayden Schenn wins face-off versus Anton Lundell in neutral zone.
4:39 of 3rd period - Shot by Brayden Schenn.
4:39 of 3rd period - Goal by Brayden Schenn - NEW JERSEY Devils : 7 - LOS ANGELES Kings : 6.
4:40 of 3rd period - Brayden Schenn wins face-off versus Charlie Coyle in neutral zone.
4:47 of 3rd period - Jack Johnson is hit by Jason Zucker and loses puck.
5:09 of 3rd period - Shot by Anton Lundell.
5:09 of 3rd period - Shot Misses the Net.
5:11 of 3rd period - Shot by Anton Lundell.
5:11 of 3rd period - Shot Misses the Net.
5:17 of 3rd period - Shot by Charlie Coyle.
5:17 of 3rd period - Shot Misses the Net.
5:19 of 3rd period - Shot by Charlie Coyle.
5:19 of 3rd period - Stopped by Jonathan Bernier without a rebound.
5:20 of 3rd period - Trevor Zegras wins face-off versus Chandler Stephenson in LOS ANGELES Kings zone.
5:37 of 3rd period - Shot by Trevor Zegras.
5:37 of 3rd period - Stopped by Jonathan Bernier without a rebound.
5:38 of 3rd period - Cody Glass wins face-off versus Nicolas Roy in LOS ANGELES Kings zone.
7:15 of 3rd period - Anton Lundell is hit by Brayden Schenn and loses puck.
7:23 of 3rd period - Off-side.
7:24 of 3rd period - Jakob Silfverberg wins face-off versus Trevor Zegras in neutral zone.
7:41 of 3rd period - Shot by Troy Terry.
7:41 of 3rd period - Deflect By Roope Hintz.
7:41 of 3rd period - Shot Misses the Net.
7:43 of 3rd period - Shot by Jack Johnson.
7:43 of 3rd period - Shot Misses the Net.
7:49 of 3rd period - Shot by Roope Hintz.
7:49 of 3rd period - Stopped by Jonathan Bernier without a rebound.
7:50 of 3rd period - Brayden Schenn wins face-off versus Christian Dvorak in LOS ANGELES Kings zone.
8:06 of 3rd period - Shot by Jason Zucker.
8:06 of 3rd period - Stopped by Eetu Makiniemi without a rebound.
8:07 of 3rd period - Trevor Zegras wins face-off versus Chandler Stephenson in NEW JERSEY Devils zone.
8:30 of 3rd period - Shot by Troy Terry.
8:30 of 3rd period - Deflect By Trevor Zegras.
8:30 of 3rd period - Shot Misses the Net.
8:32 of 3rd period - Shot by Roope Hintz.
8:32 of 3rd period - Shot Blocked by Olli Maatta.
8:34 of 3rd period - Shot by Roope Hintz.
8:34 of 3rd period - Stopped by Jonathan Bernier without a rebound.
8:35 of 3rd period - Brayden Schenn wins face-off versus Anton Lundell in LOS ANGELES Kings zone.
9:07 of 3rd period - Icing by Calen Addison.
9:08 of 3rd period - Trevor Zegras wins face-off versus Brayden Schenn in LOS ANGELES Kings zone.
9:13 of 3rd period - Shot by Shayne Gostisbehere.
9:13 of 3rd period - Deflect By Roope Hintz.
9:13 of 3rd period - Stopped by Jonathan Bernier without a rebound.
9:14 of 3rd period - Trevor Zegras wins face-off versus Chandler Stephenson in LOS ANGELES Kings zone.
9:37 of 3rd period - Shot by Chandler Stephenson.
9:37 of 3rd period - Stopped by Eetu Makiniemi without a rebound.
9:38 of 3rd period - Anton Lundell wins face-off versus Brayden Schenn in NEW JERSEY Devils zone.
9:38 of 3rd period - Anton Lundell is hit by Brayden Schenn.
9:58 of 3rd period - Calen Addison is hit by Charlie Coyle and loses puck.
10:55 of 3rd period - Trevor Zegras is hit by Mika Zibanejad and loses puck.
10:59 of 3rd period - Icing by Jaccob Slavin.
11:00 of 3rd period - Trevor Zegras wins face-off versus Brock McGinn in NEW JERSEY Devils zone.
12:29 of 3rd period - Anton Lundell is hit by Mika Zibanejad and loses puck.
12:59 of 3rd period - Shot by Max Domi.
12:59 of 3rd period - Stopped by Jonathan Bernier without a rebound.
13:00 of 3rd period - Nick Bonino wins face-off versus Christian Dvorak in LOS ANGELES Kings zone.
13:14 of 3rd period - Nick Bonino is hit by Shayne Gostisbehere.
13:32 of 3rd period - Shot by Brayden Schenn.
13:32 of 3rd period - Shot Misses the Net.
13:34 of 3rd period - Shot by Calen Addison.
13:34 of 3rd period - Shot Blocked by Jaccob Slavin.
13:36 of 3rd period - Shot by Nick Bonino.
13:36 of 3rd period - Shot Misses the Net.
13:42 of 3rd period - Shot by Brayden Schenn.
13:42 of 3rd period - Shot Blocked by Shayne Gostisbehere.
13:44 of 3rd period - Shot by Nick Bonino.
13:44 of 3rd period - Shot Misses the Net.
13:59 of 3rd period - Brock McGinn is hit by Shayne Gostisbehere and loses puck.
14:03 of 3rd period - Minor Penalty to Jaccob Slavin for Holding.
14:04 of 3rd period - Chandler Stephenson wins face-off versus Trevor Zegras in NEW JERSEY Devils zone.
14:21 of 3rd period - Shot by Chandler Stephenson.
14:21 of 3rd period - Shot Blocked by Jordan Harris.
14:23 of 3rd period - Shot by Olli Maatta.
14:23 of 3rd period - Stopped by Eetu Makiniemi without a rebound.
14:24 of 3rd period - Brayden Schenn wins face-off versus Christian Dvorak in NEW JERSEY Devils zone.
16:05 of 3rd period - Cody Glass is hit by Nick Foligno and loses puck.
16:24 of 3rd period - Shot by Cody Glass.
16:24 of 3rd period - Stopped by Jonathan Bernier with a rebound.
16:26 of 3rd period - Shot by Jaccob Slavin.
16:26 of 3rd period - Shot Misses the Net.
18:15 of 3rd period - Minor Penalty to Mika Zibanejad for High sticking.
18:16 of 3rd period - Chandler Stephenson wins face-off versus Trevor Zegras in LOS ANGELES Kings zone.
18:22 of 3rd period - Icing by Roope Hintz.
18:23 of 3rd period - Nicolas Roy wins face-off versus Trevor Zegras in NEW JERSEY Devils zone.
18:24 of 3rd period - Shot by Olli Maatta.
18:24 of 3rd period - Shot Misses the Net.
18:32 of 3rd period - Nicolas Roy is hit by Roope Hintz and loses puck.
19:34 of 3rd period - Shot by Anton Lundell.
19:34 of 3rd period - Shot Misses the Net.
19:42 of 3rd period - Shot by Jordan Harris.
19:42 of 3rd period - Shot Misses the Net.
Goals for this period are 0 for NEW JERSEY Devils vs 3 for LOS ANGELES Kings .
Shots for this period are 9 for NEW JERSEY Devils vs 11 for LOS ANGELES Kings .